 Dungeon Crawl Stone Soup version 0.17-a0-512-gd6a67cc (webtiles) character file.

380 krae the Stinger (level 6, -3/36 HPs)
             Began as an Octopode Venom Mage on Apr 11, 2015.
             Slain by a killer bee (4 damage)
             ... on level 9 of the Dungeon.
             The game lasted 00:19:07 (4241 turns).

krae the Stinger (Octopode Venom Mage)              Turns: 4241, Time: 00:19:08

Health: -3/36      AC:  1    Str:  8    XL:     6   Next: 75%
Magic:  10/10      EV: 12    Int: 19    God:
Gold:   174        SH:  0    Dex: 15    Spells: 3 memorised, 5 levels left

rFire  x . .     SeeInvis .     v - +2 dagger (elec)
rCold  + . .     Clarity  .     (no shield)
rNeg   . . .     SustAb   +     (helmet restricted)
rPois  .         Gourm    .     g - amulet of faith {!P}
rElec  .         Spirit   .     e - ring of sustain abilities
rCorr  .         Warding  .     q - +3 ring of dexterity
rMut   .         Stasis   .     s - ring of ice
MR     .....                    (no ring)
Stlth  +++.......               (no ring)
                                (no ring)
                                (no ring)
                                (no ring)

@: lethally poisoned (-3 -> -20), not resistant to hostile enchantments, fairly
stealthy
A: almost no armour, amphibious, 8 rings, constrict 8, camouflage 1, gelatinous
body 1
a: no special abilities


You were on level 9 of the Dungeon.
You were not hungry.

You visited 1 branch of the dungeon, and saw 8 of its levels.

You collected 174 gold pieces.


Innate Abilities, Weirdness & Mutations

You cannot wear most types of armour.
You are amphibious.
You can wear up to eight rings at the same time.
You can use your tentacles to constrict eight enemies at once.
Your skin changes colour to match your surroundings (Stealth).
Your rubbery body absorbs attacks (AC +1).


   Skills:
 - Level 2.0 Dodging
 - Level 2.6 Stealth
 - Level 3.0 Spellcasting
 + Level 4.2 Conjurations
 + Level 7.1 Poison Magic


You had 5 spell levels left.
You knew the following spells:

 Your Spells              Type           Power        Failure   Level  Hunger
c - Mephitic Cloud        Conj/Pois/Air  ###.....     12%         3    ###....
z - Sting                 Conj/Pois      ###.         1%          1    None
Z - Cure Poison           Pois           ####......   1%          2    ##.....

Inventory:

Hand weapons
 a - a +0 dagger
 m - a +1 rapier
 r - a +0 hunting sling
 v - a +2 dagger of electrocution (weapon)
Missiles
 f - 42 sling bullets
 l - 3 curare-tipped needles {=f}
Jewellery
 e - a ring of sustain abilities (left tentacle)
 g - an amulet of faith (around mantle) {!P}
 q - a +3 ring of dexterity (right tentacle)
 s - a ring of ice (on tentacle)
Magical devices
 p - a wand of random effects (48)
Scrolls
 i - 3 scrolls of remove curse
 n - 2 scrolls of fog
Potions
 h - 4 potions of curing {@q1}
 k - a potion of might
 o - a potion of flight
Books
 b - a Young Poisoner's Handbook
Comestibles
 c - 2 bread rations
 d - a meat ration
 j - a slice of pizza

Dungeon Overview and Level Annotations

Branches:
Dungeon (9/15)
 Temple: D:4-7         Lair: D:8-11         Orc: D:9-12

Altars:
Elyvilon
Fedhas
Gozag
Trog

Shops:
D:4

= ... .........
...........
.............
.........5.....
................
........?........
../.....y.........
£....%.yhx........
#........yyy.......
#.........y....!..
#.......n.........
#.....###.........
#....###........
##...###.......
#...n#........
................


You could see a necrophage, a hound, 6 killer bees and a crimson imp.


Message History

The killer bee poisons you! The killer bee stings you.
Found an orange potion.
A hound comes into view.
You feel sick. The killer bee barely misses you.
The killer bee stings you but does no damage.
A crimson imp comes into view.
You feel sick. The killer bee barely misses you. The killer bee stings you.
The hound barks!
The killer bee barely misses you.
The crimson imp shouts!
You feel sick. The killer bee closely misses you.
The killer bee completely misses you. The killer bee stings you!
* * * LOW HITPOINT WARNING * * *
You are more poisoned.
The killer bee poisons you! The hound bites you.
* * * LOW HITPOINT WARNING * * *
The killer bee closely misses you. x2
Read which item? (? for menu, Esc to quit)
Okay, then.
Evoke which item? (* to show all) (? for menu, Esc to quit)
Okay, then.
* * * LOW HITPOINT WARNING * * *
You feel sick. The hound bites you.
* * * LOW HITPOINT WARNING * * *
The killer bee completely misses you. The killer bee misses you.
The killer bee stings you.
* * * LOW HITPOINT WARNING * * *
You are more poisoned.
The killer bee poisons you! The killer bee stings you.
You die...

Action                   |  1- 3 |  4- 6 || total
-------------------------+-------+-------++-------
Melee: Unarmed           |     7 |       ||     7
       Dagger            |     3 |    47 ||    50
       Rapier            |       |     6 ||     6
 Cast: Sting             |    37 |   142 ||   179
       Cure Poison       |       |     1 ||     1
  Use: Scroll            |       |    14 ||    14
 Stab: Distracted        |       |     1 ||     1
  Eat: Chunk             |       |    10 ||    10

Vault maps used:
D:1:      dpeg_arrival_shelter, minivault_5
D:2:      grunt_ministairs_3, uniq_iyjb
D:3:      gammafunk_temple_overflow_forgotten, first_bread
D:4:      old_standard_altar, serial_corexii_hall, corexii_hall_statues_i,
          corexii_hall_statues_s, serial_shops, shop, wad_rectangle_vault
D:5:      lemuel_upstairs_altar, nicolae_ossuary_entry_monument, led_sif_book
D:7:      grunt_temple_overflow_order_and_chaos_1, makhleb_grotto_becter,
          st_stairs_10, hex_medium
D:8:      cheibrodos_beetle_habitat, lemuel_round_altar, serial_shops,
          kennysheep_little_box, grunt_livestock, fedhas_altar_decomposition
D:9:      okawaru_trees_2, david_lair_generic, orc_0_dummy, basic_altar

Notes
Turn   | Place    | Note
--------------------------------------------------------------
     0 | D:1      | krae, the Octopode Venom Mage, began the quest for the Orb.
     0 | D:1      | Reached XP level 1. HP: 11/11 MP: 3/3
   127 | D:1      | Reached XP level 2. HP: 10/17 MP: 3/5
   383 | D:1      | You fall through a shaft!
   425 | D:2      | Reached skill level 3 in Spellcasting
   506 | D:2      | Reached skill level 5 in Poison Magic
   506 | D:2      | Reached XP level 3. HP: 21/21 MP: 1/7
   697 | D:2      | Noticed Ijyb
   754 | D:2      | Killed Ijyb
   754 | D:2      | Reached skill level 1 in Conjurations
   754 | D:2      | Reached XP level 4. HP: 21/27 MP: 3/8
   986 | D:1      | Learned a level 2 spell: Cure Poison
  1631 | D:2      | Reached skill level 2 in Conjurations
  1834 | D:2      | Learned a level 3 spell: Mephitic Cloud
  2516 | D:3      | Found a blossoming altar of Fedhas.
  2517 | D:3      | Found an opulent altar of Gozag.
  2518 | D:3      | Found a white marble altar of Elyvilon.
  2694 | D:3      | Reached skill level 6 in Poison Magic
  2694 | D:3      | Reached XP level 5. HP: 31/31 MP: 4/9
  3075 | D:4      | Reached skill level 3 in Conjurations
  3302 | D:4      | Found a bloodstained altar of Trog.
  3363 | D:4      | Reached XP level 6. HP: 36/36 MP: 7/10
  3534 | D:4      | Found Archommi's Jewellery Emporium.
  3811 | D:5      | Entered Level 5 of the Dungeon
  3867 | D:5      | Reached skill level 4 in Conjurations
  3923 | D:5      | Reached skill level 7 in Poison Magic
  3972 | D:5      | You fall through a shaft for 3 floors!
  4235 | D:8      | You fall through a shaft!
  4241 | D:9      | HP: 1/36 [killer bee (5)]
  4241 | D:9      | Slain by a killer bee

Vanquished Creatures
  Ijyb (D:2)
  A hound (D:5)
  An orc priest (D:5)
  3 orc wizards
  3 worker ants (D:4)
  6 adders
  5 giant geckos
  2 oozes (D:2)
  9 orcs
  8 bats
  2 giant cockroaches
  10 goblins
  8 hobgoblins
  11 jackals
  2 quokkas
  3 ball pythons
  5 giant newts
  A jackal skeleton (D:4)
  9 kobolds
  13 rats
103 creatures vanquished.
